 Dungeon Crawl Stone Soup version 0.29.1-2-gbd0b4ee654 (webtiles) character file.

Game seed: 9961169737703516238

16661 zeram the Severer (level 12, 0/80 (90) HPs)
             Began as a Hill Orc Fighter on Nov 30, 2022.
             Was an Initiate of Gozag.
             Slain by Rupert
             ... wielding a +0 triple sword of draining
              (31 damage)
             ... on level 2 of the Orcish Mines.
             The game lasted 00:28:37 (13555 turns).

zeram the Severer (Hill Orc Fighter)               Turns: 13555, Time: 00:28:38

HP:   0/80 (90)     AC: 25    Str: 24    XL:     12   Next: 39%
MP:   12/12         EV:  8    Int:  8    God:    Gozag
Gold: 1271          SH:  5    Dex: 10    Spells: 11/11 levels left

rFire   . . .      SeeInvis +   a - +6 war axe (vamp)
rCold   . . .      Faith    .   c - +0 buckler
rNeg    . . .      Spirit   .   s - +0 plate armour
rPois   .          Reflect  .   y - +1 helmet
rElec   .          Harm     .   r - +2 cloak
rCorr   .          Rampage  .   k - +0 pair of gloves
Will    .....                   B - +0 pair of boots
Stlth   ..........              F - amulet of the acrobat
HPRegen 0.23/turn               i - ring of see invisible
MPRegen 0.13/turn               m - ring of flight

@: flying, heavily drained
A: no striking features
a: Renounce Religion, Potion Petition, Call Merchant, Bribe Branch


You were on level 2 of the Orcish Mines.
You worshipped Gozag.
Gozag was most pleased with you.
You visited 2 branches of the dungeon, and saw 12 of its levels.
You also visited: Sewer and Bailey.

You collected 2039 gold pieces.
You spent 582 gold pieces at shops.
You paid 186 gold pieces to Gozag.

Inventory:

Hand Weapons
 a - a +6 vampiric war axe (weapon)
 d - a +7 spectral spear
 J - a +3 vorpal battleaxe
Armour
 b - a +0 scale mail
 c - a +0 buckler (worn)
 g - a +0 cloak
 k - a +0 pair of gloves (worn)
 r - a +2 cloak (worn)
 s - a +0 plate armour (worn)
 y - a +1 helmet (worn)
 B - a +0 pair of boots (worn)
Jewellery
 i - a ring of see invisible (left hand)
 m - a ring of flight (right hand)
 w - a +4 ring of protection
 z - a +6 ring of intelligence
 F - an amulet of the acrobat (around neck)
Wands
 C - a wand of iceblast (3)
Scrolls
 f - 9 scrolls of teleportation
 n - 2 scrolls of brand weapon
 p - 4 scrolls of silence
 t - a scroll of fear
 v - a scroll of amnesia
 E - 2 scrolls of butterflies
 G - a scroll of poison
 H - a scroll of summoning
 K - 2 scrolls of identify
 L - a scroll of enchant armour
 M - 2 scrolls of blinking
Potions
 e - 4 potions of curing
 h - a potion of lignification
 j - 2 potions of brilliance
 l - a potion of heal wounds
 o - a potion of flight
 q - 2 potions of invisibility
 u - a potion of ambrosia
 x - 2 potions of might
 A - a potion of degeneration
 D - 2 potions of mutation
 I - a potion of magic


   Skills:
 - Level 3.6 Fighting
 + Level 17.8 Axes
 + Level 13.2 Armour
 + Level 2.5 Dodging
 + Level 8.5 Shields
 + Level 2.0 Evocations


You had 11 spell levels left.
You didn't know any spells.
Your spell library contained the following spells:

 Spells                   Type           Power      Damage    Failure   Level
 Apportation              Tloc           0%         N/A       99%         1
 Necrotise                Necr           0%         1d4       99%         1
 Shock                    Conj/Air       0%         1d3       99%         1
 Summon Small Mammal      Summ           0%         N/A       99%         1
 Call Canine Familiar     Summ           0%         N/A       100%        3
 Ozocubu's Armour         Ice            0%         N/A       100%        3
 Portal Projectile        Hex/Tloc       0%         N/A       100%        3
 Swiftness                Air            0%         N/A       100%        3
 Tukima's Dance           Hex            0%         N/A       100%        3
 Vampiric Draining        Necr           0%         2d6       100%        3
 Airstrike                Air            0%         2d(0-16)  100%        4
 Dispel Undead            Necr           0%         3d6       100%        4
 Leda's Liquefaction      Hex/Erth       0%         N/A       100%        4
 Passage of Golubria      Tloc           0%         N/A       100%        4
 Agony                    Necr           0%         N/A       100%        5
 Metabolic Englaciation   Hex/Ice        0%         N/A       100%        5
 Yara's Violent Unravell  Hex/Tmut       0%         3d3       100%        5
 Death Channel            Necr           0%         N/A       100%        6
 Corpse Rot               Necr/Pois/Air  Unusable   N/A       N/A         4
 Simulacrum               Ice/Necr       Unusable   N/A       N/A         6

Dungeon Overview and Level Annotations

Branches:
Dungeon (10/15)            Temple (0/1) D:7             Orc (2/2) D:9
    Elf (0/3) Orc:2         Sewer (visited)          Bailey (visited)
   Lair: D:8-11

Altars:
Ashenzari
Cheibriados
Fedhas
Gozag
Hepliaklqana
Kikubaaqudgha
Ru
Sif Muna
Vehumet
Xom
Zin
Beogh

Shops:
D:1 =   D:7 ?   Orc:2 **

Annotations:
Orc:2 Rupert


Message History

Rupert is moderately wounded.
Rupert is distracted by your dazzling golden aura.
You slash Rupert!
Rupert is no longer distracted by gold.
Rupert is moderately wounded.
Rupert is distracted by your dazzling golden aura.
Rupert shouts!
You hit Rupert.
Rupert is no longer distracted by gold.
Rupert is moderately wounded.
You block Rupert's attack.
You slash Rupert!
Rupert is moderately wounded.
You block Rupert's attack.
Unknown command.
You hit Rupert.
Rupert is moderately wounded.
You block Rupert's attack.
You hit Rupert.
Rupert is moderately wounded.
Rupert is distracted by your dazzling golden aura.
Rupert shouts!
You slash Rupert!
Rupert is no longer distracted by gold.
Rupert is heavily wounded.
Rupert hits you with a +0 triple sword of draining!
You feel drained.
You slash Rupert!
Rupert is heavily wounded.
Rupert hits you with a +0 triple sword of draining!!
You feel drained. You block Rupert's attack.
You closely miss Rupert.
Rupert is heavily wounded.
You block Rupert's attack.
You slash Rupert!
You feel better.
Rupert is heavily wounded.
Rupert hits you with a +0 triple sword of draining!
You feel drained.
You hit Rupert.
You feel better.
Rupert is heavily wounded.
Rupert hits you with a +0 triple sword of draining!!
You die...
Your body crumbles into a pile of gold.

$ ..##.. ####.$...... $
...... ##.#....._..#.
......###... ...........
.........#.## ......#...
#...........# ..........
#...........###..#......
.......#$...$...........
..∩...@@$..$.....#...#..
..........$$#.........#.
...........####..##.....
.......#..## ###.......
.#......... ##.......#
#....#..#.## ##.#.......
....#....## #..........
#.......# ##.##....#. $
#...#######


You could see Rupert (berserk).

Vanquished Creatures
  Josephine (Orc:1)
  4 two-headed ogres
  An orc knight (D:8)
  An orc sorcerer (Orc:1)
  Joseph (D:10)
  An unseen horror (D:10)
  4 trolls
  Grinder (D:4)
  5 spriggans (Bailey)
  A vampire (D:10)
  2 wyverns (D:9)
  A yak (D:10)
  4 wraiths
  Grum (D:10)
  4 steam dragons
  Menkaure (D:6)
  Edmund (D:4)
  5 wargs
  5 water moccasins
  14 orc warriors
  17 ogres
  2 wolves (D:10)
  2 ice beasts
  4 centaurs
  2 phantoms
  3 kobold brigands
  Blork the orc (D:4)
  3 bullfrogs
  5 scorpions
  3 gnoll sergeants
  3 necrophages
  12 wights
  9 killer bees
  A howler monkey (D:10)
  3 bullfrog zombies (D:6)
  2 centaur skeletons (D:6)
  A bullfrog skeleton (D:6)
  2 hounds (D:5)
  An iron imp (D:7)
  A jelly (D:7)
  9 orc priests
  Natasha (thrice) (D:4)
  15 orc wizards
  2 killer bee zombies (D:6)
  2 howler monkey zombies (D:6)
  9 adders
  21 gnolls
  An ufetubus (D:4)
  6 worms
  2 dart slugs
  49 orcs
  5 ball pythons
  A bat (D:1)
  7 endoplasms
  5 giant cockroaches
  16 goblins
  6 hobgoblins
  9 jackals
  6 quokkas
  5 frilled lizards
  21 kobolds
  7 rats
342 creatures vanquished.

Vanquished Creatures (others)
  A warg (D:9)
  2 orcs (D:8)
  12 plants (D:3)
15 creatures vanquished.

Grand Total: 357 creatures vanquished

Notes
Turn   | Place    | Note
-------+----------+-------------------------------------------
     0 | D:1      | zeram the Hill Orc Fighter began the quest for the Orb.
     0 | D:1      | Reached XP level 1. HP: 19/19 MP: 1/1
   184 | D:1      | Found Jysmom's Jewellery Emporium.
   247 | D:1      | Reached XP level 2. HP: 26/26 MP: 2/2
   251 | D:1      | Reached skill level 3 in Axes
   407 | D:1      | Reached XP level 3. HP: 31/31 MP: 3/3
   888 | D:1      | Found a faded altar of an unknown god.
  1372 | D:2      | Reached XP level 4. HP: 39/39 MP: 4/4
  1539 | D:2      | Reached skill level 4 in Axes
  2229 | D:3      | Found a glowing drain.
  2241 | Sewer    | Entered a sewer
  2292 | Sewer    | Noticed a water moccasin
  2307 | Sewer    | Killed a water moccasin
  2308 | Sewer    | Reached skill level 5 in Axes
  2308 | Sewer    | Reached skill level 1 in Dodging
  2308 | Sewer    | Reached XP level 5. HP: 24/45 MP: 5/5
  2575 | D:3      | Reached XP level 6. HP: 43/51 MP: 6/6
  2698 | D:3      | Reached skill level 6 in Axes
  3369 | D:3      | Found a shimmering altar of Xom.
  3791 | D:4      | Noticed Grinder
  3808 | D:4      | Killed Grinder
  3809 | D:4      | Reached skill level 7 in Axes
  3809 | D:4      | Reached skill level 5 in Armour
  3809 | D:4      | Reached XP level 7. HP: 24/57 MP: 7/7
  4050 | D:4      | Reached skill level 8 in Axes
  4112 | D:4      | Found a broken altar of Ashenzari.
  4152 | D:4      | Noticed Natasha
  4160 | D:4      | Killed Natasha
  4221 | D:4      | Noticed Edmund
  4257 | D:4      | Killed Edmund
  4258 | D:4      | Reached XP level 8. HP: 20/56 MP: 8/8
  4403 | D:4      | Noticed Natasha
  4410 | D:4      | Killed Natasha
  4651 | D:4      | Noticed Natasha
  4664 | D:4      | Killed Natasha
  4690 | D:4      | Found Zin's Purification Station.
  4693 | D:4      | Found a glowing silver altar of Zin.
  4696 | D:4      | Bought a potion of curing for 90 gold pieces
  5015 | D:4      | Noticed Blork the orc
  5024 | D:4      | Killed Blork the orc
  5025 | D:4      | Reached skill level 9 in Axes
  5342 | D:4      | Found a blossoming altar of Fedhas.
  5503 | D:5      | Entered Level 5 of the Dungeon
  5783 | D:5      | Reached skill level 10 in Axes
  5964 | D:5      | Reached skill level 5 in Shields
  6093 | D:5      | Reached XP level 9. HP: 51/70 MP: 9/9
  6388 | D:6      | Noticed Menkaure
  6394 | D:6      | Reached skill level 11 in Axes
  6399 | D:6      | Killed Menkaure
  6577 | D:6      | Reached skill level 12 in Axes
  7001 | D:6      | Found a radiant altar of Vehumet.
  7120 | D:6      | Found a shimmering blue altar of Sif Muna.
  7292 | D:7      | Reached skill level 13 in Axes
  7512 | D:7      | Reached XP level 10. HP: 77/77 MP: 10/10
  7678 | D:7      | Found Nyiddam's Magic Scroll Shoppe.
  7683 | D:7      | Bought a scroll of enchant weapon for 97 gold pieces
  7708 | D:7      | Found a sacrificial altar of Ru.
  7764 | D:7      | Found a snail-covered altar of Cheibriados.
  8114 | D:7      | Found a staircase to the Ecumenical Temple.
  8174 | D:8      | Found a hazy altar of Hepliaklqana.
  8190 | D:8      | Reached skill level 14 in Axes
  8746 | D:8      | Found an ancient bone altar of Kikubaaqudgha.
  8833 | D:9      | Found a staircase to the Orcish Mines.
  8986 | D:9      | Reached skill level 15 in Axes
  9102 | D:9      | Found an opulent altar of Gozag.
  9212 | D:9      | Reached skill level 10 in Armour
  9915 | D:9      | Became a worshipper of Gozag Ym Sagoz the Greedy
 10002 | Orc:1    | Entered Level 1 of the Orcish Mines
 10012 | Orc:1    | Reached XP level 11. HP: 67/82 MP: 11/11
 10150 | Orc:1    | Reached skill level 16 in Axes
 10150 | Orc:1    | Noticed Josephine
 10173 | Orc:1    | HP: 2/82 [orc warrior/+0 flail (4)]
 10189 | Orc:1    | Killed Josephine
 10209 | Orc:1    | Noticed an orc sorcerer
 10470 | Orc:1    | Killed an orc sorcerer
 10500 | Orc:1    | Noticed an orc knight
 10780 | D:9      | Reached skill level 1 in Evocations
 11001 | D:8      | Killed an orc knight
 11195 | D:10     | Entered Level 10 of the Dungeon
 11207 | D:10     | Noticed Grum
 11220 | D:10     | Killed Grum
 11230 | D:10     | Noticed a two-headed ogre
 11238 | D:10     | Killed a two-headed ogre
 11279 | D:10     | Noticed a two-headed ogre
 11280 | D:10     | Noticed a two-headed ogre
 11288 | D:10     | Noticed Joseph
 11297 | D:10     | HP: 2/82 [wyvern (5)]
 11681 | D:10     | Killed a two-headed ogre
 11749 | D:10     | Killed a two-headed ogre
 11765 | D:10     | Reached skill level 17 in Axes
 11780 | D:10     | Reached XP level 12. HP: 81/90 MP: 12/12
 11846 | D:10     | Found a flagged portal.
 11854 | Bailey   | Entered a bailey
 11986 | Bailey   | Noticed a two-headed ogre
 11999 | Bailey   | Killed a two-headed ogre
 12234 | D:10     | Killed Joseph
 12614 | D:7      | Bought a scroll of enchant armour for 97 gold pieces
 12614 | D:7      | Bought a scroll of blinking for 97 gold pieces
 12614 | D:7      | Bought a scroll of teleportation for 39 gold pieces
 12614 | D:7      | Bought a scroll of identify for 26 gold pieces
 12614 | D:7      | Bought a scroll of blinking for 97 gold pieces
 12614 | D:7      | Bought a scroll of teleportation for 39 gold pieces
 12977 | Orc:2    | Entered Level 2 of the Orcish Mines
 13029 | Orc:2    | Found a staircase to the Elven Halls.
 13111 | Orc:2    | Found Ilou's General Store.
 13517 | Orc:2    | Found a roughly hewn altar of Beogh.
 13529 | Orc:2    | Found Itte's General Store.
 13529 | Orc:2    | Noticed Rupert
 13555 | Orc:2    | Slain by Rupert

Illustrated notes

Levels and vault maps discovered:
D:1:      erik_arrival_blinker_ship, layout_basic, serial_shops, shop,
          serial_co_window_serial, co_window_cross_1, co_window_paths_b,
          co_window_of_opportunity_a, co_window_paths_a, co_window_cross_1,
          co_window_broadway_a, co_window_of_opportunity_b,
          co_window_of_opportunity_b, co_window_unsneaky_path_c,
          co_window_broadway_b, co_window_4corner_b, glass_columns_c,
          ebering_ecumenical_altar_hall, minmay_octomino_e4
D:2:      layout_loops_ring, columned_hall_lemuel
D:3:      minmay_evil_eye, layout_basic, amcnicky_altar_gilded,
          cheibrodos_sewer_entry_drain, dreamdust_mushroom_princess,
          lexackson_kobold_supper
D:4:      layout_layer_cave, mainiacjoe_overflow_six_doors_small,
          fedhas_altar_fruit_tree, zin_purify, minmay_starry_boxes,
          uniq_blork_the_orc, uniq_grinder, uniq_edmund, uniq_natasha
D:5:      layout_loops_ring
D:6:      layout_cave_pools, tgw_sif, lemuel_coloured_pillars_altar,
          serial_undead, serial_undead_c, serial_undead_f, serial_undead_e,
          serial_undead_b, serial_undead_b, serial_undead_a, uniq_menkaure
D:7:      layout_basic, mainiacjoe_overflow_tiny_flanked, slow_altar_1,
          minmay_temple_entry_antechambers, serial_shops,
          nicolae_shop_hallway_plus
D:8:      layout_rooms, mainiacjoe_overflow_small_starburst,
          kennysheep_mini_moat
D:9:      layout_basic, nicolae_overflow_crystal_walls,
          minmay_orc_entry_guard_dogs
D:10:     layout_roguey, enter_bailey_3, minmay_chambers_of_fives, uniq_joseph,
          uniq_grum
Orc:1:    layout_caves, uniq_josephine
Orc:2:    pf_orc_diabolical, layout_caves, basic_altar, serial_shops, shop,
          nicolae_lakefront_shop, mines3_lemuel, uniq_rupert

Skill      XL: |  1  2  3  4  5  6  7  8  9 10 11 12 |
---------------+-------------------------------------+-----
Axes           | 3 5 7 8 10 13 15 17 | 17.8
Armour         | 4 5 6 7 9 10 12 13 | 13.2
Shields        | 4 5 6 8 |  8.5
Dodging        | 1 2 |  2.5
Evocations     | 2 |  2.0
Fighting       | |  3.6

Action                   |  1- 3 |  4- 6 |  7- 9 | 10-12 || total
-------------------------+-------+-------+-------+-------++-------
Melee: War axe           |    99 |   170 |   330 |   595 ||  1194
Evoke: Wand              |       |       |       |     6 ||     6
  Use: Scroll            |     6 |     4 |    12 |    12 ||    34
       Potion            |       |     3 |     1 |     5 ||     9
 Stab: Distracted        |       |       |       |     4 ||     4
       Invisible         |       |       |       |     2 ||     2
Armor: Scale mail        |    74 |    74 |       |       ||   148
       Plate armour      |       |    16 |   212 |   341 ||   569
Dodge: Dodged            |    53 |    80 |   108 |   222 ||   463
Block: Buckler           |    16 |    34 |    71 |   149 ||   270
